Map: Acropolis LE

Players

PtitDrogo - Winner!

  • Race: Protoss Protoss
  • League: Master
  • Spawn Location: 11:00

souL

  • Race: Terran Terran
  • Spawn Location: 5:00

VOD

Have the link to the VOD?

Description

Time

  • Played on: Sept. 7, 2019, 9:31 a.m.
  • Length: 6:36
Show
View Real Time Build Order
Export as new Build Order

PtitDrogo Protoss - Winner!

Build Orders:  

Get SALT Encoding   

  12  0:00  Probe  
  13  0:12  Probe  
  14  0:17  Pylon  
  14  0:25  Probe  
  15  0:33  Probe  
  15  0:35  Gateway  
  15  0:41  Probe  
  16  0:47  Assimilator  
  17  0:51  Probe  
  18  1:03  Probe  
  19  1:15  Probe  
  20  1:22  Cybernetics Core, Zealot  
  22  1:29  Pylon  
  22  1:31  Probe  
  23  1:40  Zealot  
  25  1:57  Stalker  
  25  1:59  Shield Battery  
  25  2:03  Shield Battery  
  26  2:27  Stalker  
  23  2:47  Probe  
  24  2:53  Nexus  
  24  2:55  Warp Gate  
  24  2:57  Stalker  
  26  2:59  Probe  
  26  3:01  Assimilator  
  27  3:11  Probe  
  28  3:16  Pylon  
  28  3:20  Probe  
  29  3:28  Probe  
  29  3:30  Robotics Facility  
  30  3:37  Probe  
  31  3:49  Probe  
  32  4:01  Probe  
  33  4:03  Gateway  
  33  4:04  Gateway  
  33  4:07  Probe  
  34  4:13  Observer, Probe  
  35  4:18  Probe  
  37  4:25  Probe  
  37  4:26  Probe  
  39  4:33  Pylon  
  39  4:34  Probe  
  39  4:38  Probe  
  42  4:42  Twilight Council  
  42  4:43  Sentry  
  44  4:47  Immortal  
  44  4:50  Probe  
  44  4:57  Stalker  
  44  4:59  Shield Battery  
  48  5:02  Stalker  
  50  5:12  Stalker  
  52  5:19  Stalker  
  49  5:30  Probe  
  49  5:32  Stalker  
  49  5:35  Probe  
  47  5:42  Probe  
  42  5:47  Probe  
  43  5:53  Immortal  
  43  5:54  Zealot x2, Probe  
  52  6:05  Probe  
  52  6:09  Probe  
  54  6:15  Pylon  
  54  6:33  Stalker  
  54  6:34  Zealot, Stalker  
Show
View Real Time Build Order
Export as new Build Order

souL Terran 

Build Orders:  

Get SALT Encoding   

  12  0:00  SCV  
  13  0:13  Supply Depot  
  13  0:18  SCV  
  14  0:38  Barracks  
  14  0:47  Barracks  
  14  0:52  SCV  
  15  1:04  SCV  
  16  1:11  Refinery  
  16  1:25  Orbital Command, Marine  
  17  1:35  Marine  
  18  1:43  Marine  
  18  1:45  Supply Depot  
  19  1:53  Marine  
  19  1:54  SCV  
  21  2:01  Marine  
  22  2:10  Bunker  
  22  2:11  Marine  
  23  2:18  Marine  
  22  2:26  Bunker  
  22  2:29  Marine  
  23  2:30  SCV  
  24  2:44  Factory  
  22  2:47  SCV  
  21  2:59  Supply Depot, SCV  
  22  3:11  SCV  
  23  3:15  Supply Depot  
  23  3:18  Barracks Tech Lab  
  23  3:22  Marine  
  23  3:23  SCV  
  25  3:28  Factory Tech Lab  
  25  3:36  Command Center  
  25  3:39  Marine  
  26  3:42  Combat Shield  
  26  3:43  Marine  
  27  3:52  SCV  
  27  3:53  Siege Tank  
  31  3:57  Supply Depot  
  31  3:59  Supply Depot  
  31  4:02  Marine  
  29  4:03  Marine  
  28  4:18  SCV  
  28  4:20  Marine  
  30  4:26  Marine  
  31  4:36  SCV  
  31  4:37  Marine  
  33  4:40  Siege Tank  
  36  4:49  Marine  
  36  4:52  SCV  
  38  4:55  Marine  
  39  5:06  Marine  
  38  5:13  Bunker, Marine  
  40  5:24  Marine  
  38  5:30  Siege Tank  
  38  5:31  Marine  
  36  5:42  Marine  
  29  5:49  SCV, Marine  
  27  6:00  Marine  
  27  6:01  SCV  
  29  6:06  Supply Depot, Marine  
  30  6:13  SCV  
  30  6:18  Marine  
  35  6:31  Bunker  
Tags
 
Add a new tag
Caveats
  • Supply blocks, unpowered buildings, or Contaminate may cause inaccurate times.
  • Supply counts are checked every 10 seconds.